Map: Dusty Gorge

Players

Nightmare - Winner!

  • Race: Protoss Protoss
  • Spawn Location: 5:00

XxDepravity - Winner!

  • Race: Terran Terran
  • Spawn Location: 3:00

Jacques

  • Race: Protoss Protoss
  • Spawn Location: 9:00

smores

  • Race: Zerg Zerg
  • League: Gold
  • Spawn Location: 11:00

VOD

Have the link to the VOD?

Description

Time

  • Played on: Oct. 6, 2018, 12:59 p.m.
  • Length: 18:19
Show
View Real Time Build Order
Export as new Build Order

Nightmare Protoss - Winner!

Build Orders:  

Get SALT Encoding   

  12  0:02  Probe  
  13  0:14  Probe  
  13  0:19  Pylon  
  14  0:29  Probe  
  15  0:37  Probe  
  15  0:42  Gateway  
  16  0:47  Probe  
  17  0:52  Assimilator  
  17  1:14  Probe, Forge  
  18  1:22  Probe  
  18  1:30  Probe  
  20  1:43  Zealot  
  20  1:45  Pylon  
  22  2:05  Pylon  
  21  2:16  Cybernetics Core  
  21  2:25  Assimilator  
  21  2:36  Nexus  
  21  2:39  Assimilator  
  21  2:44  Assimilator  
  21  2:50  Probe  
  21  2:55  Pylon  
  21  2:58  Probe, Warp Gate  
  21  3:07  Probe  
  21  3:08  Photon Cannon  
  21  3:19  Probe  
  17  3:31  Probe  
  17  3:39  Probe  
  18  3:43  Photon Cannon  
  18  3:48  Probe, Zealot  
  14  4:00  Probe  
  8  4:20  Probe  
  9  4:32  Probe  
  10  4:44  Probe  
  11  4:54  Pylon  
  11  5:02  Probe  
  10  5:13  Probe  
  11  5:21  Probe  
  12  5:31  Probe  
  11  5:48  Probe  
  11  5:56  Probe  
  13  6:15  Photon Cannon  
  13  6:29  Photon Cannon  
  13  6:31  Probe  
  14  6:36  Probe  
  15  6:43  Probe  
  16  6:49  Probe  
  16  6:53  Probe  
  17  7:01  Probe  
  18  7:02  Probe  
  20  7:09  Probe  
  20  7:10  Probe  
  22  7:19  Probe  
  22  7:22  Probe  
  24  7:31  Probe  
  24  7:34  Probe  
  26  7:45  Pylon  
  26  7:48  Pylon  
  26  7:52  Probe  
  26  7:53  Pylon  
  26  7:54  Probe  
  28  8:00  Probe  
  28  8:03  Probe  
  29  8:10  Probe  
  29  8:11  Probe  
  31  8:19  Probe  
  32  8:22  Probe  
  34  8:27  Probe  
  34  8:31  Pylon  
  34  8:33  Pylon  
  35  8:34  Probe  
  35  8:39  Probe  
  37  8:46  Probe  
  38  8:51  Probe  
  39  8:57  Stargate  
  39  9:00  Stargate  
  39  9:01  Probe, Stargate  
  39  9:09  Probe  
  41  9:17  Probe  
  41  9:22  Protoss Shields Level 1  
  42  9:25  Protoss Air Weapons Level 1  
  42  9:29  Probe  
  43  9:40  Void Ray  
  43  9:41  Probe  
  43  9:44  Void Ray  
  44  9:49  Void Ray  
  52  9:56  Nexus  
  52  9:58  Assimilator  
  56  10:03  Assimilator  
  56  10:10  Pylon  
  56  10:12  Pylon  
  56  10:15  Pylon  
  56  10:18  Pylon  
  56  10:23  Pylon, Void Ray  
  60  10:30  Void Ray  
  64  10:43  Fleet Beacon  
  64  11:04  Probe  
  64  11:10  Void Ray x2  
  73  11:12  Probe  
  73  11:13  Probe  
  75  11:20  Probe  
  75  11:22  Probe  
  77  11:29  Probe  
  77  11:30  Graviton Catapult  
  78  11:33  Carrier  
  78  11:34  Probe  
  85  11:41  Probe  
  85  11:43  Probe  
  87  11:51  Probe  
  87  11:53  Tempest  
  93  12:00  Void Ray  
  93  12:01  Probe  
  99  12:13  Probe  
  100  12:16  Pylon  
  100  12:19  Pylon  
  100  12:20  Carrier  
  100  12:25  Probe  
  100  12:26  Robotics Facility  
  101  12:36  Void Ray  
  107  12:39  Carrier  
  117  13:08  Void Ray  
  121  13:27  Protoss Air Weapons Level 2  
  121  13:34  Carrier  
  121  13:43  Observer  
  128  13:51  Void Ray  
  132  14:03  Void Ray  
  132  14:04  Observer  
  137  14:12  Pylon  
  137  14:14  Pylon  
  137  14:15  Pylon  
  137  14:18  Pylon  
  137  14:20  Pylon  
  137  14:23  Pylon  
  137  14:24  Pylon  
  137  14:26  Pylon  
  137  14:34  Tempest  
  137  14:35  Carrier  
  149  14:57  Void Ray  
  145  15:17  Carrier  
  140  15:40  Void Ray  
  144  15:53  Void Ray  
  144  15:57  Probe  
  149  16:05  Probe  
  150  16:14  Probe  
  151  16:23  Void Ray  
  155  16:26  Probe  
  156  16:36  Void Ray  
  156  16:38  Probe  
  161  16:43  Void Ray  
  165  17:06  Void Ray  
  169  17:19  Void Ray  
  173  17:25  Void Ray  
Show
View Real Time Build Order
Export as new Build Order

XxDepravity Terran - Winner!

Build Orders: MMM Bio 

Get SALT Encoding   

  12  0:02  SCV  
  13  0:14  SCV  
  13  0:18  Refinery  
  14  0:31  Supply Depot  
  14  0:34  SCV  
  15  0:57  Engineering Bay  
  15  0:59  Barracks  
  15  1:11  SCV  
  16  1:20  Refinery  
  16  1:23  SCV  
  17  1:35  SCV  
  17  1:37  Supply Depot  
  18  1:49  Marine  
  19  1:59  SCV  
  20  2:11  SCV  
  20  2:13  Supply Depot, Barracks Tech Lab  
  21  2:19  Terran Infantry Weapons Level 1  
  21  2:23  SCV  
  22  2:34  Combat Shield  
  22  2:35  SCV  
  23  2:43  Barracks  
  23  2:45  Marine  
  24  3:03  SCV  
  25  3:13  Marine  
  26  3:31  Marine  
  27  3:40  Barracks Tech Lab  
  25  3:48  Marine  
  27  4:06  Orbital Command, Marine  
  27  4:15  Marine  
  28  4:18  Stimpack  
  28  4:19  Concussive Shells  
  28  4:24  Marine  
  28  4:27  Terran Infantry Armor Level 1  
  29  4:33  Marauder  
  31  4:42  Marauder  
  31  4:45  Command Center  
  25  5:15  SCV  
  25  5:16  Marine  
  25  5:17  Marine  
  26  5:34  Marine x2  
  28  5:36  Barracks  
  28  5:41  Barracks  
  28  5:45  Barracks  
  28  5:52  SCV, Marine x2  
  31  6:10  Marine  
  33  6:25  Marauder  
  33  6:28  Marine  
  33  6:30  Barracks Reactor  
  33  6:33  SCV  
  33  6:35  SCV  
  33  6:39  Refinery  
  35  6:43  Barracks Reactor  
  35  6:44  Barracks Reactor  
  35  6:46  Marauder, SCV  
  35  6:47  SCV, Marine  
  40  6:58  SCV  
  40  6:59  SCV  
  42  7:05  Marauder  
  42  7:07  Marine  
  45  7:13  Structure Armor  
  45  7:15  Supply Depot  
  45  7:25  Marauder  
  45  7:27  Marauder  
  38  7:41  Supply Depot  
  38  7:47  Marauder  
  40  7:57  Marauder  
  40  7:58  Marine  
  42  7:59  Marine x5  
  48  8:08  Marauder  
  48  8:10  Refinery  
  50  8:15  Supply Depot  
  50  8:16  Marine x3  
  50  8:17  Marine x3  
  50  8:19  Marauder  
  58  8:29  Marauder  
  58  8:34  Marine x4  
  60  8:35  Marine  
  60  8:40  Marauder  
  64  8:46  Sensor Tower  
  64  8:51  Marauder  
  66  8:58  Sensor Tower  
  66  8:59  SCV  
  66  9:00  Missile Turret  
  66  9:01  Marauder  
  66  9:02  Orbital Command  
  69  9:11  SCV  
  70  9:23  SCV  
  71  9:28  Supply Depot  
  71  9:31  Factory  
  71  9:35  SCV  
  72  9:39  Marauder  
  72  9:40  Marauder, Marine  
  72  9:41  Marine  
  78  9:50  SCV, Marine x2  
  81  10:01  Marauder x2  
  85  10:10  Marine  
  86  10:25  Marine  
  86  10:26  Marine  
  86  10:27  Marine x2  
  86  10:28  Marauder, Marine  
  85  10:29  Marine  
  85  10:30  Marauder  
  61  10:40  Supply Depot, Factory Tech Lab  
  61  10:45  Armory  
  61  10:49  Marauder  
  63  10:51  Marauder, Starport  
  63  10:52  Starport  
  65  10:57  Starport  
  65  11:01  Missile Turret  
  65  11:02  Missile Turret  
  65  11:04  SCV  
  65  11:05  SCV  
  67  11:16  Supply Depot  
  67  11:17  SCV x2  
  69  11:29  SCV  
  70  11:39  Supply Depot  
  70  12:14  Missile Turret  
  70  12:29  SCV  
  71  12:30  SCV  
  71  12:32  Marine  
  71  12:33  Marauder, Sensor Tower  
  71  12:34  Marauder, Marine  
  71  12:35  Marine x4  
  82  12:41  SCV  
  83  12:50  Marine  
  84  12:52  Marine  
  84  12:54  Marauder  
  84  12:55  Marauder  
  59  13:16  Marauder x2  
  63  13:26  Starport Tech Lab x3  
  63  13:29  Terran Infantry Armor Level 2  
  63  13:37  Marauder  
  63  13:38  Marauder  
  63  13:40  Marine x5  
  63  13:41  Marine  
  73  13:57  Refinery  
  73  13:58  Refinery, Marine x4  
  73  13:59  Marauder x2  
  81  14:08  Command Center  
  81  14:17  Missile Turret  
  81  14:37  Missile Turret  
  81  14:41  Medivac x3  
  87  14:48  High Capacity Fuel Tanks  
  87  14:50  Terran Vehicle And Ship Armor Level 1  
  87  14:58  Missile Turret  
  87  15:11  Medivac x3  
  50  15:39  Planetary Fortress  
  50  15:41  Medivac x2  
  54  15:59  Marine  
  54  16:00  Marine x6  
  54  16:01  Marine  
  62  16:17  Marine  
  62  16:18  Marine x7  
  70  16:35  Marine x3  
  70  16:36  Marine x5  
  78  16:53  Marine x4  
  78  16:54  Marine x4  
  86  17:12  Marine x2  
  88  17:15  SCV  
  88  17:16  SCV  
  88  17:17  SCV, Marine  
  88  17:18  Marine x5  
  97  17:29  Marine  
  97  17:30  Marauder  
  97  17:35  Marine  
  97  17:36  Marine x5  
  104  17:48  Marauder  
  104  17:52  Marauder  
  104  17:53  Marine x2  
  104  17:54  Marine x3  
Show
View Real Time Build Order
Export as new Build Order

Jacques Protoss 

Build Orders:  

Get SALT Encoding   

  12  0:29  Probe, Pylon  
  13  0:37  Probe  
  14  0:46  Probe  
  14  0:49  Assimilator  
  15  0:58  Probe  
  15  1:00  Gateway  
  16  1:10  Probe  
  17  1:13  Pylon  
  17  1:18  Probe  
  18  1:26  Probe  
  18  1:29  Assimilator  
  19  1:37  Probe  
  20  1:49  Probe  
  20  1:53  Forge  
  21  2:16  Probe  
  22  2:24  Nexus  
  22  2:39  Zealot  
  24  2:53  Pylon  
  24  3:05  Cybernetics Core  
  24  3:06  Zealot  
  26  3:13  Photon Cannon  
  26  3:26  Photon Cannon  
  26  3:33  Zealot  
  28  3:35  Probe, Pylon  
  29  3:43  Probe  
  29  3:45  Probe  
  31  3:52  Probe  
  31  4:00  Probe, Zealot  
  34  4:08  Probe  
  35  4:11  Pylon  
  36  4:19  Probe  
  36  4:21  Gateway  
  37  4:27  Stalker  
  37  4:29  Probe  
  40  4:37  Probe  
  40  4:44  Assimilator  
  40  4:45  Probe  
  42  4:57  Probe  
  43  5:01  Stargate  
  43  5:09  Probe  
  44  5:20  Stalker  
  44  5:33  Probe  
  46  5:41  Probe  
  47  5:44  Nexus  
  47  5:48  Protoss Air Weapons Level 1  
  47  5:49  Stalker  
  48  5:50  Probe  
  48  5:51  Phoenix  
  53  6:01  Probe  
  54  6:09  Probe  
  54  6:12  Assimilator  
  54  6:15  Void Ray  
  54  6:17  Probe, Pylon  
  55  6:19  Stalker  
  58  6:29  Probe  
  58  6:32  Stalker  
  65  6:41  Probe  
  66  6:49  Stalker, Pylon  
  66  6:53  Void Ray  
  68  6:55  Probe  
  73  7:02  Stalker  
  73  7:03  Probe  
  73  7:05  Probe  
  76  7:12  Probe  
  76  7:13  Probe  
  78  7:19  Stalker  
  81  7:23  Probe  
  81  7:24  Probe  
  81  7:27  Stargate  
  83  7:31  Void Ray  
  83  7:35  Probe  
  83  7:36  Probe  
  89  7:47  Probe  
  90  7:54  Probe  
  91  8:02  Probe  
  91  8:10  Probe, Void Ray  
  92  8:18  Stalker  
  95  8:22  Probe  
  100  8:32  Pylon  
  100  8:34  Probe, Pylon  
  101  8:49  Void Ray  
  101  8:50  Stalker  
  101  8:53  Void Ray  
  101  8:54  Assimilator  
  101  9:19  Stalker  
  103  9:28  Fleet Beacon  
  103  9:32  Stalker  
  103  9:36  Void Ray  
  109  9:49  Stalker  
  111  10:02  Stalker  
  113  10:19  Void Ray  
  117  10:26  Stalker  
  113  10:32  Stalker  
  107  10:52  Mothership  
  107  10:56  Stalker  
  117  11:08  Pylon  
  117  11:12  Assimilator  
  117  11:13  Pylon  
  117  11:16  Pylon  
  117  11:22  Carrier  
  117  11:26  Stalker x2, Void Ray  
  131  11:42  Pylon  
  131  11:49  Graviton Catapult  
  131  11:56  Stalker x2  
  131  11:57  Pylon  
  135  12:05  Carrier  
  141  12:26  Stalker x2  
  145  12:37  Carrier  
  145  12:40  Stargate  
  145  12:46  Nexus  
  151  12:56  Stalker  
  153  13:08  Stalker  
  155  13:26  Adept  
  157  13:36  Pylon  
  157  13:40  Assimilator  
  157  13:45  Pylon  
  157  13:47  Pylon  
  157  13:50  Pylon  
  157  13:54  Stalker x2  
  161  14:03  Carrier  
  161  14:06  Probe  
  168  14:14  Probe  
  168  14:23  Probe  
  169  14:24  Stalker x2  
  174  14:36  Probe  
  175  14:48  Probe  
  176  14:54  Stalker x2  
  154  15:19  Carrier  
  116  15:24  Stalker  
  116  15:25  Carrier  
  102  15:33  Mothership  
  116  15:48  Carrier  
  122  16:15  Assimilator  
  122  16:50  Carrier  
  100  17:15  Stalker  
Show
View Real Time Build Order
Export as new Build Order

smores Zerg 

Build Orders: Pool First 

Get SALT Encoding   

  12  0:02  Drone  
  13  0:09  Drone  
  14  0:27  Spawning Pool  
  13  0:32  Drone  
  14  0:37  Extractor  
  14  0:38  Drone  
  15  0:46  Overlord  
  15  0:58  Extractor  
  14  1:06  Drone x3  
  17  1:13  Evolution Chamber  
  16  1:26  Zergling x2  
  16  1:27  Queen  
  19  1:34  Zergling x2  
  20  1:44  Zergling x2  
  21  1:51  Zergling x2  
  22  2:14  Metabolic Boost  
  22  2:26  Overlord  
  22  2:43  Queen  
  24  2:45  Zergling x6  
  24  2:46  Zergling x4  
  29  2:57  Zerg Melee Weapons Level 1  
  29  3:00  Zergling x2  
  26  3:46  Hatchery  
  25  3:52  Zergling x6  
  25  3:53  Zergling x2  
  24  4:17  Zergling x4  
  26  4:48  Zergling x6  
  27  5:12  Zergling x10  
  27  5:49  Zergling x4  
  27  5:50  Zergling x10  
  27  5:56  Lair  
  31  5:59  Drone x2  
  31  6:00  Evolution Chamber  
  31  6:01  Queen  
  31  6:21  Zergling x8  
  35  6:27  Zerg Ground Armor Level 1  
  35  6:37  Drone  
  35  6:38  Overlord  
  36  6:49  Overlord  
  36  7:07  Drone  
  36  7:08  Drone x2  
  39  7:20  Pneumatized Carapace  
  28  7:44  Zergling x8  
  28  7:45  Zergling x8  
  34  8:00  Drone  
  34  8:01  Drone  
  36  8:06  Drone x2  
  38  8:16  Spire  
  38  8:18  Extractor  
  36  8:20  Extractor  
  36  8:23  Hatchery, Extractor  
  33  8:51  Drone x3  
  33  8:52  Drone x2  
  33  8:53  Drone x3  
  33  8:54  Drone  
  42  9:19  Drone x3  
  45  9:27  Drone x3  
  45  9:29  Baneling Nest  
  47  9:35  Zergling x2  
  47  9:36  Zergling x6  
  46  10:01  Zergling x2  
  46  10:02  Zergling x20  
  55  10:13  Queen  
  57  10:16  Zergling x2  
  57  10:58  Hatchery  
  57  10:59  Baneling x2  
  57  11:00  Baneling x13  
  56  11:05  Overlord  
  56  11:20  Hatchery  
  55  11:37  Overlord x3  
  55  11:39  Drone x3  
  58  11:41  Centrifical Hooks  
  58  11:47  Zerg Melee Weapons Level 2  
  58  11:53  Drone x2  
  57  12:13  Baneling  
  57  12:14  Baneling x15  
  57  12:32  Drone  
  57  12:33  Drone x8  
  66  12:37  Drone x2  
  68  12:44  Zergling x2  
  68  12:45  Zergling x4  
  68  12:46  Zergling x2  
  59  13:12  Zergling x8  
  63  13:13  Zergling x16  
  63  13:18  Queen  
  73  13:21  Queen  
  73  13:27  Queen  
  75  13:31  Drone  
  78  13:52  Baneling x8  
  78  13:53  Baneling x19  
  78  13:54  Baneling x5  
  78  13:59  Nydus Network  
  77  14:09  Drone x3  
  80  14:10  Drone x4  
  80  14:11  Drone x3  
  80  14:13  Extractor  
  80  14:15  Extractor  
  80  14:16  Infestation Pit  
  84  14:29  Zerg Ground Armor Level 2  
  84  14:32  Zerg Flyer Weapons Level 1  
  84  14:36  Zergling x2  
  84  14:37  Zergling x6  
  84  14:38  Overlord x3  
  88  14:54  Overlord  
  88  14:55  Overlord x2  
  80  15:27  Zergling x4  
  80  15:28  Zergling x28  
  86  15:42  Corruptor  
  86  15:43  Corruptor x3  
  88  15:57  Corruptor  
  88  15:58  Overlord x2, Corruptor  
  92  16:13  Nydus Canal  
  92  16:15  Corruptor x2  
  92  16:16  Corruptor x4  
  92  16:17  Corruptor x2  
  110  16:26  Corruptor  
  110  16:29  Overlord  
  96  16:44  Corruptor  
  96  16:45  Corruptor x5  
  67  17:13  Corruptor, Spore Crawler  
  67  17:14  Spore Crawler  
  63  17:16  Spore Crawler x2  
  63  17:18  Spore Crawler  
  23  18:03  Spawning Pool  
  22  18:12  Extractor  
  21  18:14  Extractor  
Tags
 
Add a new tag
Caveats
  • Supply blocks, unpowered buildings, or Contaminate may cause inaccurate times.
  • Supply counts are checked every 10 seconds.